 Dungeon Crawl Stone Soup version 0.19-a0-1803-g97ff39f (webtiles) character file.

76 Flanowski the Insei (level 4, 0/22 HPs)
             Began as a Vine Stalker Transmuter on Oct 5, 2016.
             Succumbed to an adder's poison
             ... on level 2 of the Dungeon.
             The game lasted 00:03:59 (2245 turns).

Flanowski the Insei (Vine Stalker Transmuter)       Turns: 2245, Time: 00:03:59

Health: 0/22       AC:  2    Str: 11 (12) XL:     4   Next: 32%
Magic:  2/9        EV: 11    Int: 11 (13) God:
Gold:   67         SH:  0    Dex: 15 (16) Spells: 3 memorised, 2 levels left

rFire  . . .     SeeInvis .       - Unarmed
rCold  . . .     Gourm    .     b - +0 robe
rNeg   . . .     Faith    .     (no shield)
rPois  .         Spirit   +     (no helmet)
rElec  .         Dismiss  .     (no cloak)
rCorr  .         Reflect  .     (no gloves)
MR     .....     Harm     .     (boots currently unavailable)
Stlth  +.........               (no amulet)
                                (no ring)
                                (no ring)

@: lethally poisoned (0 -> -5), appendage (expiring), very slightly
contaminated, heavily drained
A: fangs 2, talons 3, regeneration 1, magic shield, antimagic bite, no device
heal 3, rot immunity
a: End Transformation


You were on level 2 of the Dungeon.
You were not hungry.
You had grown temporary talons.
You visited 1 branch of the dungeon, and saw 3 of its levels.

You collected 67 gold pieces.

Inventory:

Missiles
 a - 36 arrows
Armour
 b - a +0 robe (worn)
Jewellery
 n - a cursed ring of teleportation {unknown}
Scrolls
 f - 2 scrolls of remove curse
 h - a scroll of blinking {unknown}
 k - a scroll of enchant armour {unknown}
 m - a scroll of identify {unknown}
 o - a scroll of fog {unknown}
Potions
 g - a potion of curing {unknown}
 i - a potion of mutation {unknown}
 j - a potion of lignification {unknown}
Books
 c - a book of Changes

   Spells                             Type                      Level
   a - Beastly Appendage              Transmutation                1
   b - Sticks to Snakes               Transmutation                2
   c - Spider Form                    Transmutation/Poison         3
   d - Ice Form                       Ice/Transmutation            4
   e - Blade Hands                    Transmutation                5
Comestibles
 d - a bread ration
 l - a beef jerky


   Skills:
 + Level 1.1(0.0) Fighting
 - Level 1.7(0.4) Dodging
 + Level 4.0(2.6) Unarmed Combat
 + Level 2.9(1.5) Spellcasting
 * Level 2.5(1.1) Transmutations


You had 2 spell levels left.
You knew the following spells:

 Your Spells              Type           Power        Failure   Level  Hunger
a - Beastly Appendage     Tmut           #.....       21%         1    ##.....
b - Sticks to Snakes      Tmut           #.......     30%         2    ###....
c - Spider Form           Tmut/Pois      #.........   83%         3    ####...


Dungeon Overview and Level Annotations

Branches:
Dungeon (3/15)

Altars:


Innate Abilities, Weirdness & Mutations

You have extremely sharp teeth.
Your natural rate of healing is unusually fast.
When hurt, damage is shared between your health and your magic reserves.
Your bite disrupts and absorbs the magic of your enemies.
Potions and wands cannot restore your health.
You are immune to rotting.
You have claws for feet.


Message History

The adder poisons you!
You barely miss the adder. You bite the adder. You drain its power.
You feel invigorated.
The adder is heavily wounded.
You feel sick. The adder bites you.
* * * LOW HITPOINT WARNING * * *
You are lethally poisoned!
The adder poisons you!
* * * LOW HITPOINT WARNING * * *
You feel sick. The adder bites you.
* * * LOW HITPOINT WARNING * * *
The adder bites you.
* * * LOW HITPOINT WARNING * * *
* * * LOW HITPOINT WARNING * * *
You feel sick.
Unknown command.
It was a potion of degeneration.
There was something very wrong with that liquid.
You feel weakened.
You feel dopey.
You feel clumsy.
You die...

#...# ##########...##
#############.............>
#..........)..######.#...## #
##..################..[### ###
##.## ##.......## ..#######..##
#..###...# ###
#........#..########.#....#####..
########.##..##.@S>...[#### #...#
#........##...### ###.### #
####.#..####.### ##...# #
#....#....##.# #..### #
##.####..#....# ##.## # ###..#
##.##..## #..# ####...##
#......### #..# ## .....####
###......# ##.# #.
........#########....## #.## #.


You could see an adder.

Vanquished Creatures
  An adder (D:2)
  An ooze (D:2)
  2 worms
  A dart slug (D:1)
  3 leopard geckos (D:1)
  2 giant cockroaches
  5 goblins
  9 hobgoblins
  7 jackals (D:1)
  4 kobolds
  A bat (D:1)
  5 frilled lizards
  7 rats
48 creatures vanquished.

Notes
Turn   | Place    | Note
-------+----------+-------------------------------------------
     0 | D:1      | Flanowski the Vine Stalker Transmuter began the quest for the Orb.
     0 | D:1      | Reached XP level 1. HP: 9/9 MP: 4/4
   215 | D:1      | Reached XP level 2. HP: 9/14 MP: 6/6
   919 | D:1      | Reached skill level 1 in Fighting
   919 | D:1      | Reached XP level 3. HP: 15/18 MP: 5/7
  1022 | D:1      | Learned a level 2 spell: Sticks to Snakes
  1026 | D:1      | Learned a level 3 spell: Spider Form
  1693 | D:2      | Gained mutation: Your natural rate of healing is unusually fast. [Vine Stalker growth]
  1693 | D:2      | Reached XP level 4. HP: 6/22 MP: 6/9
  2019 | D:2      | Reached skill level 4 in Unarmed Combat
  2245 | D:2      | Succumbed to an adder's poison

Vault maps used:
D:1:      scummos_arrival_simple_fountains, minivault_27, fountainhead
D:2:      serial_corexii_hall, corexii_hall_statues_s, corexii_hall_statues_i
D:3:      trog_butcher_becter

Skill      XL: |  1  2  3  4 |
---------------+-------------+-----
Fighting       | 1 |  1.1
Unarmed Combat | 4 |  4.0
Dodging        | |  1.7
Spellcasting   | |  2.9
Transmutations | |  2.5

Action                   |  1- 3 |  4- 6 || total
-------------------------+-------+-------++-------
Melee: Unarmed           |   140 |    29 ||   169
       Kick              |    12 |     7 ||    19
       Headbutt          |    12 |     2 ||    14
       Bite              |    29 |    11 ||    40
       Punch             |     1 |       ||     1
 Cast: Beastly Appendage |    25 |     8 ||    33
  Use: Scroll            |     1 |       ||     1
       Potion            |       |     1 ||     1
 Stab: Sleeping          |     1 |       ||     1
  Eat: Chunk             |     3 |     2 ||     5
Armor: Robe              |    18 |     1 ||    19
Dodge: Dodged            |    80 |    16 ||    96
